 Dungeon Crawl Stone Soup version 0.29-a0-620-g13ace881f2 (webtiles) character file.

Game seed: 5703749027992857323

400618 Zonian the Unseen (level 23, -5/137 HPs)
             Began as a Vine Stalker Ice Elementalist on June 13, 2022.
             Was a High Priest of Ashenzari.
             Slain by a vault guard
             ... wielding a +2 halberd of venom
              (17 damage)
             ... on level 5 of the Vaults on June 18, 2022.
             The game lasted 04:42:09 (59455 turns).

Zonian the Unseen (Vine Stalker Ice Elementalist)  Turns: 59455, Time: 04:42:10

Health: -5/137     AC: 19    Str: 17    XL:     23   Next: 29%
Magic:  0/48       EV: 30    Int: 30    God:    Ashenzari [*****.]
Gold:   3383       SH: 15    Dex: 34    Spells: 2/62 levels left

rFire   . . .      SeeInvis +   v - +9 quick blade (elec)
rCold   . . .      Faith    .   D - +1 buckler "Share My Malaise" {Self, Evo} (curse)
rNeg    . . .      Spirit   +   S - +2 leather armour "Share My Seer" {Rampage Dex+6, Range, Self} (curse)
rPois   +          Reflect  +   X - +1 helmet of the Esoteric Ordeal {Int+3, Melee, Range} (curse)
rElec   .          Harm     .   G - +1 cloak {rPois}
rCorr   .          Rampage  +   a - +2 pair of gloves "Ruined Together" {Dex+3, Fort, Bglg} (curse)
Will    +++..      Clarity  +   U - +1 pair of boots "Shattered With Me" {rampage, Bglg, Elem} (curse)
Stlth   +++++++++.              g - amulet "Shackled Vexation" {Reflect SH+5, Alch, Cun} (curse)
HPRegen 1.12/turn               n - ring of Ashenzari's Sun {Int+4 Dex+6 Slay+3, Fort, Bglg} (curse)
MPRegen 0.31/turn               b - ring "Oscillating Fan" {Will+ AC+4 Int+5, Elem, Range} (curse)

@: studying Spellcasting
A: fangs 3, regeneration 1, magic shield, antimagic bite, no potion heal 2,
talons 1, robust 1, strong 1
}: 2/15 runes: serpentine, barnacled
a: Renounce Religion, Curse Item, Shatter the Chains


You were on level 5 of the Vaults.
You worshipped Ashenzari.
Ashenzari was extremely pleased with you.
You visited 7 branches of the dungeon, and saw 39 of its levels.
You also visited: Gauntlet, Ice Cave, Wizlab and Desolation.

You collected 6237 gold pieces.
You spent 2854 gold pieces at shops.

Inventory:

Hand Weapons
 m - the +4 rapier of Pust {protect, +Blink Int+3 Stlth+}
   (You acquired it on level 3 of the Vaults)

   It grants its wielder temporary protection when it strikes (+7 to AC).
   Int:       It affects your intelligence (+3).
   +Blink:    It lets you blink.
   Stlth:     It makes you more stealthy.
 v - a +9 quick blade of electrocution (weapon)
 y - the +8 dagger of Dofeveur {flame, rElec rC+ Str+2}
   (You found it on level 6 of the Dungeon)

   It burns those it strikes, dealing additional fire damage.
   Str:       It affects your strength (+2).
   rC:        It protects you from cold.
   rElec:     It insulates you from electricity.
 B - the +9 sword of Zonguldrok {reap}
   (You found it in a wizard's laboratory)

   Any living foe damaged by it may be reanimated upon death as a zombie
   friendly to the wielder, with an increasing chance as more damage is dealt.
Missiles
 j - 19 javelins
 A - 5 throwing nets
 L - 19 boomerangs of dispersal
 P - 21 silver javelins
Armour
 a - the cursed +2 pair of gloves "Ruined Together" (worn) {Dex+3, Fort, Bglg}
   (You found it in a Gauntlet)

   It has a curse which improves the following skills: Fortitude: Armour and
   Shields.
   Beguiling: Conjurations, Hexes and Translocations.
 D - the cursed +1 buckler "Share My Malaise" (worn) {Self, Evo}
   (You found it on level 7 of the Dungeon)

   It has a curse which improves the following skills: Introspection: Fighting
   and Spellcasting.
   Evocations: Evocations.
 G - a +1 cloak of poison resistance (worn)
 S - the cursed +2 leather armour "Share My Seer" (worn) {Rampage Dex+6, Range, Self}
   (You found it in the Desolation of Salt)

   Dex:       It affects your dexterity (+6).
   Rampage:   It bestows one free step when moving towards enemies.
   It has a curse which improves the following skills: Ranged Combat: Slings,
   Bows, Crossbows and Throwing.
   Introspection: Fighting and Spellcasting.
 U - the cursed +1 pair of boots "Shattered With Me" (worn) {rampage, Bglg, Elem}
   (You found it on level 3 of the Lair of Beasts)

   It has a curse which improves the following skills: Beguiling: Conjurations,
   Hexes and Translocations.
   Elements:  Fire Magic, Ice Magic, Air Magic and Earth Magic.
 X - the cursed +1 helmet of the Esoteric Ordeal (worn) {Int+3, Melee, Range}
   (You found it on level 3 of the Elven Halls)

   It has a curse which improves the following skills: Melee Combat: Short
   Blades, Long Blades, Axes, Maces & Flails, Polearms, Staves and Unarmed
   Combat.
   Ranged Combat: Slings, Bows, Crossbows and Throwing.
Jewellery
 b - the cursed ring "Oscillating Fan" (right hand) {Will+ AC+4 Int+5, Elem, Range}
   (You found it in a Gauntlet)

   [ring of protection]

   AC:        It affects your AC (+4).
   Int:       It affects your intelligence (+5).
   Will:      It increases your willpower.
   It has a curse which improves the following skills: Elements: Fire Magic, Ice
   Magic, Air Magic and Earth Magic.
   Ranged Combat: Slings, Bows, Crossbows and Throwing.
 g - the cursed amulet "Shackled Vexation" (around neck) {Reflect SH+5, Alch, Cun}
   (You took it off a goblin on level 2 of the Dungeon)

   [amulet of reflection]

   It reflects blocked missile attacks.
   SH:        It affects your SH (+5).
   It has a curse which improves the following skills: Alchemy: Poison Magic and
   Transmutations.
   Cunning:   Dodging and Stealth.
 i - the ring of the Mage {Wiz Archmagi}
   (You took it off a deep elf pyromancer on level 3 of the Elven Halls)

   [ring of wizardry]

   It improves your spell success rate.
   Archmagi:  It increases the power of your magical spells.
 n - the cursed ring of Ashenzari's Sun (left hand) {Int+4 Dex+6 Slay+3, Fort, Bglg}
   (You found it in the Desolation of Salt)

   [ring of dexterity]

   Int:       It affects your intelligence (+4).
   Dex:       It affects your dexterity (+6).
   Slay:      It affects your accuracy & damage with ranged weapons and melee
   (+3).
   It has a curse which improves the following skills: Fortitude: Armour and
   Shields.
   Beguiling: Conjurations, Hexes and Translocations.
 J - the ring of Gohyrch {Fly rC++ Slay+3 Stlth-}
   (You took it off a deep elf knight on level 3 of the Elven Halls)

   [ring of flight]

   Slay:      It affects your accuracy & damage with ranged weapons and melee
   (+3).
   rC:        It greatly protects you from cold.
   Fly:       It grants you flight.
   Stlth:     It makes you less stealthy.
Wands
 c - a wand of iceblast (10)
 e - a wand of flame (4)
 k - a wand of charming (3)
 q - a wand of light (3)
 H - a wand of mindburst (19)
 T - a wand of acid (2)
 Y - a wand of digging (11)
Scrolls
 d - 7 scrolls of poison
 o - 6 scrolls of fear
 s - 19 scrolls of teleportation
 x - 3 scrolls of silence
 E - 2 scrolls of fog
 M - 6 scrolls of blinking
 Q - 2 scrolls of magic mapping
 R - a scroll of summoning
Potions
 f - 12 potions of curing
 l - a potion of ambrosia
 r - 11 potions of brilliance
 u - 2 potions of resistance
 w - 4 potions of berserk rage
 z - 3 potions of magic
 C - 3 potions of invisibility
 K - 2 potions of haste
 N - 2 potions of cancellation
 O - 6 potions of flight
 W - 3 potions of might
Miscellaneous
 p - a lightning rod (4/4)
 t - a condenser vane
 F - a tin of tremorstones (2/2)
 V - a phantom mirror
 Z - a box of beasts


   Skills:
 + Level 11.3(14.7) Fighting
 - Level 8.6(11.3) Short Blades
 - Level 3.8(8.1) Long Blades
 - Level 5.1(9.4) Throwing
 - Level 3.0(5.9) Armour
 - Level 12.4(14.7) Dodging
 + Level 19.0(21.1) Stealth
 - Level 5.0(8.3) Shields
 - Level 3.0(5.0) Unarmed Combat
 + Level 17.0(20.3) Spellcasting
 + Level 12.3(16.8) Conjurations
 - Level 1.9(5.0) Hexes
 - Level 10.0 Necromancy
 + Level 13.5(15.7) Transmutations
 - Level 1.9(4.3) Fire Magic
 - Level 12.7(16.1) Ice Magic
 + Level 12.3(15.7) Air Magic
 + Level 6.8(10.3) Earth Magic
 + Level 2.9(4.9) Poison Magic
 + Level 8.1(10.5) Evocations


You had 2 spell levels left.
You knew the following spells:

 Your Spells              Type           Power      Damage    Failure   Level
a - Freeze                Ice            100%       1d11      0%          1
b - Frozen Ramparts       Ice            100%       1d12      0%          3
c - Ozocubu's Armour      Ice            91%        N/A       0%          3
d - Beastly Appendage     Tmut           100%       N/A       0%          1
e - Hailstorm             Conj/Ice       92%        3d18      1%          4
f - Necrotize             Necr           100%       1d9       1%          1
g - Swiftness             Air            90%        N/A       0%          3
h - Dispel Undead         Necr           74%        3d25      1%          4
i - Irradiate             Conj/Tmut      45%        3d28      1%          5
j - Airstrike             Air            45%        N/A       1%          4
k - Lightning Bolt        Conj/Air       45%        1d65      1%          5
l - Mephitic Cloud        Conj/Pois/Air  81%        N/A       1%          3
m - Ignite Poison         Fire/Tmut/Pois 69%        N/A       1%          3
n - Dragon Form           Tmut           45%        N/A       2%          7
o - Vampiric Draining     Necr           74%        2d11      1%          3
p - Borgnjor's Vile Clut  Necr/Erth      37%        N/A       1%          5
q - Silence               Hex/Air        37%        N/A       1%          5

Your spell library contained the following spells:

 Spells                   Type           Power      Damage    Failure   Level
 Magic Dart               Conj           100%       1d8       0%          1
 Passwall                 Tmut/Erth      69%        N/A       0%          2
 Searing Ray              Conj           100%       2d8       0%          2
 Static Discharge         Conj/Air       91%        N/A       0%          2
 Wereblood                Tmut           90%        N/A       0%          2
 Foxfire                  Conj/Fire      100%       2x1d9     1%          1
 Slow                     Hex            100%       N/A       1%          1
 Sting                    Tmut/Pois      100%       1d8       1%          1
 Ensorcelled Hibernation  Hex/Ice        100%       N/A       1%          2
 Scorch                   Fire           100%       2d10      1%          2
 Sublimation of Blood     Necr           74%        N/A       1%          2
 Confusing Touch          Hex            57%        N/A       1%          3
 Conjure Flame            Conj/Fire      76%        6-21      1%          3
 Dazzling Flash           Conj/Hex       100%       N/A       1%          3
 Inner Flame              Hex/Fire       56%        N/A       1%          3
 Portal Projectile        Hex/Tloc       94%        N/A       1%          3
 Spider Form              Tmut/Pois      75%        N/A       1%          3
 Summon Guardian Golem    Hex/Summ       45%        N/A       1%          3
 Tukima's Dance           Hex            57%        N/A       1%          3
 Corpse Rot               Necr/Pois/Air  75%        N/A       1%          4
 Flame Wave               Conj/Fire      76%        2d14      1%          4
 Fulminant Prism          Conj/Hex       38%        3d18      1%          4
 Leda's Liquefaction      Hex/Erth       33%        N/A       1%          4
 Petrify                  Tmut/Erth      83%        N/A       1%          4
 Sticky Flame             Conj/Fire      76%        2d9       1%          4
 Summon Lightning Spire   Summ/Air       67%        N/A       1%          4
 Agony                    Necr           74%        N/A       1%          5
 Alistair's Intoxication  Tmut/Pois      50%        N/A       1%          5
 Blade Hands              Tmut           45%        N/A       1%          5
 Freezing Cloud           Conj/Ice/Air   45%        6-21      1%          5
 Iskenderun's Battlesphe  Conj           93%        2d14      1%          5
 Lee's Rapid Deconstruct  Erth           37%        3d20*     1%          5
 Metabolic Englaciation   Hex/Ice        38%        N/A       1%          5
 Yara's Violent Unravell  Hex/Tmut       37%        3d15      1%          5
 Conjure Ball Lightning   Conj/Air       45%        3x3d16    1%          6
 Iron Shot                Conj/Erth      42%        9d8       1%          6
 Statue Form              Tmut/Erth      55%        N/A       1%          6
 Storm Form               Tmut/Air       45%        N/A       2%          7
 Eringya's Noxious Bog    Tmut/Pois      37%        N/A       3%          6
 Gell's Gravitas          Tloc           34%        N/A       4%          3
 Lesser Beckoning         Tloc           34%        N/A       4%          3
 Teleport Other           Tloc           34%        N/A       4%          3
 Death Channel            Necr           37%        N/A       4%          6
 Passage of Golubria      Tloc           34%        N/A       14%         4
 Summon Mana Viper        Hex/Summ       45%        N/A       17%         5
 Maxwell's Capacitive Co  Air            45%        ∞         19%         8
 Manifold Assault         Tloc           34%        N/A       36%         5
 Summon Forest            Summ/Tloc      16%        N/A       41%         5
 Spellforged Servitor     Conj/Summ      34%        N/A       43%         7
 Necromutation            Tmut/Necr      41%        N/A       52%         8
 Enfeeble                 Hex            28%        N/A       88%         7
 Dispersal                Tloc           17%        N/A       91%         6
 Summon Cactus Giant      Summ           15%        N/A       95%         6
 Malign Gateway           Summ/Tloc      16%        N/A       100%        7
 Shatter                  Erth           37%        3d30*     100%        9


Dungeon Overview and Level Annotations

Branches:
Dungeon (15/15)            Temple (0/1) D:5            Lair (6/6) D:11
 Shoals (4/4) Lair:4        Snake (4/4) Lair:3        Slime (0/5) Lair:6
    Orc (2/2) D:12            Elf (3/3) Orc:2        Vaults (4/5) D:13
  Crypt (0/3) Vaults:2     Depths (0/4) D:15          IceCv (visited)
 WizLab (visited)         Desolation (visited)      Gauntlet (visited)

Altars:
Ashenzari
Cheibriados
Gozag
Kikubaaqudgha
Nemelex Xobeh
Sif Muna
Trog
Vehumet
Wu Jian
Xom
Yredelemnul
Zin
The Shining One
Jiyva

Shops:
D:4 (   D:10 :   Orc:1 (   Orc:2 (:*?:*   Snake:4 (*

Portals:
Pandemonium: Orc:2

Annotations:
D:2 Terence
D:4 1 runed translucent door, Crazy Yiuf
D:10 3 runed translucent doors, Dordric's ghost, novice DEAM
Lair:5 Heh's ghost, journeyman OpMo
Elf:2 3 runed translucent doors
Vaults:5 Xtahua


Innate Abilities, Weirdness & Mutations

You have razor-sharp teeth.
Your natural rate of healing is unusually fast.
When hurt, damage is shared between your health and your magic reserves.
Your bite disrupts and absorbs the magic of your enemies.
Potions cannot restore your health.
You have sharp toenails.
You are robust. (+10% HP)
Your muscles are strong. (Str +4, Int/Dex-1)


Message History

You kill the deep elf high priest!
Unknown command.
You puncture the ironbound preserver!
You bite the ironbound preserver, but do no damage.
The ironbound preserver is lightly wounded.
The deep elf high priest is engulfed in blazing flames.
Xtahua is engulfed in blazing flames.
The vault warden barely misses you.
The titan is engulfed in blazing flames.
You block the vault guard's attack.
The ironbound preserver gestures wildly while chanting.
The ironbound preserver begins to accept its allies' injuries.
Casting: Ignite Poison (safe; 1% risk of failure)
Confirm with . or Enter, or press ? or * to list all spells.
Casting: Hailstorm (safe; 1% risk of failure)
Press: ? - help, Dir - look around, f - activate A cannonade of hail descends around you!
The hail pelts the titan!
The titan is moderately wounded.
The hail pelts the vault warden!
The vault warden is lightly wounded.
The hail pelts the vault warden!!
The vault warden is heavily wounded.
The hail pelts the vault guard!
The vault guard is moderately wounded.
The hail pelts Xtahua!!
Xtahua is frozen!
Xtahua is lightly wounded.
The hail pelts the iron dragon!
The iron dragon partially resists.
The iron dragon is lightly wounded.
The vault warden is engulfed in blazing flames.
The iron dragon is engulfed in blazing flames.
The iron dragon breathes metal splinters at you.
The spray of metal splinters hits you!!!
* * * LOW HITPOINT WARNING * * *
Xtahua breathes fire at you. The searing blast hits you!!!
* * * LOW HITPOINT WARNING * * *
A stone giant comes into view.
The titan is engulfed in blazing flames.
The vault guard hits you from afar with a +2 halberd of venom!!
You die...

,,,,,,,,,,,,*,,,,*,,*,,,,,,,,,,,,
***,*,*,*##,#☼§§°#§§#,,,,,,,,,,,,
,,,,*,*,,○○☼#°☼☼°#○§##*,,*,*,*,*,
***,*,*,*##.#§°○§#○§☼,,,,,,,,,,,,
,,,,,,,,,°○°○§°§°°○C,,,,,,,,,,,,,
*********##°§.D○§§D#####*********
,,,,,,,,,☼§°§§p☼§°°§☼○§§,,,,,,,,,
,,,,,,,,,○§☼○°p§p§§§○°§§,,,,,,,,,
,,,,,,,,,§○§☼§○C@ep☼.§☼☼,,,,,,,,,
,,,,,,,,,☼○§☼○°☼)○☼○.○☼°,,,,,,,,,
*********##○☼○°☼○°°#####*********
*****+°○§○☼§○§§§○○,,,,,,,,,,,,
***,,,,*##○#§○§○#☼☼§#,*,*,,*,*,*
*,,,,,,,,#+#°○§°#°§○○○,,,,,,,,,,
**,,,,,,,,,*#☼☼○§#○§☼#§#,,,,,*,*,
*,,,,,,,,,,*#○☼°○#☼°§§§§,,,,,,,,,
*,,,,,,,,,,**,,,,*,,,*,,,,,,,,*,,


You could see Xtahua (sheltered), an iron dragon (sheltered, catching breath),
an ironbound preserver (empowered), a titan (empowered, sheltered), a stone
giant (sheltered), 2 vault wardens, a vault guard (sheltered) and a deep elf
high priest (brilliance aura, sheltered).

Vanquished Creatures
  An ancient lich (Vaults:4)
  Vashnia (Snake:4)
  Nikola (Vaults:3)
  Zenata (Elf:2)
  2 deep elf blademasters (Elf:3)
  2 deep elf master archers (Elf:3)
  An ancient champion (WizLab)
  A kraken (Shoals:1)
  Polyphemus (Shoals:2)
  6 sphinxes
  A tengu reaver (Vaults:4)
  A shadow dragon (Vaults:2)
  The ghost of Cheivey the Fencer, an adept DsFi of Gozag (Snake:1)
  9 nagarajas (Snake:4)
  12 vault wardens
  A frost giant (Vaults:4)
  Aizul (Snake:4)
  7 deep elf sorcerers
  2 imperial myrmidons (Desolation)
  An orc warlord (Vaults:4)
  A deep elf elementalist (Elf:3)
  A stone giant (Vaults:3)
  6 ironbound thunderhulks
  3 very ugly things (Vaults:4)
  14 ironbound preservers
  4 deep elf demonologists (Elf:3)
  17 dire elephants
  An elemental wellspring (Shoals:2)
  5 deep elf annihilators
  3 minotaurs
  Azrael (D:15)
  An entropy weaver (Vaults:3)
  A crystal guardian (Desolation)
  Snorg (D:13)
  A halazid warlock (Desolation)
  2 blizzard demons (IceCv)
  3 deep elf death magi (Elf:3)
  4 ettins
  3 merfolk javelineers
  A ragged hierophant (Desolation)
  A fire dragon (Lair:6)
  Harold (D:10)
  9 merfolk impalers
  9 great orbs of eyes
  11 yaktaur captains
  3 deep elf high priests
  3 salamander tyrants (Snake:4)
  An ice dragon (D:15)
  26 vault guards
  4 hydras
  3 merfolk avatars
  6 ironbound frosthearts
  6 boulder beetles
  A caustic shrike simulacrum (IceCv)
  6 servants of whispers (Desolation)
  Erica (D:10)
  3 demonspawn (Orc:2)
  2 catoblepae
  5 peacekeepers
  A death knight (D:11)
  6 two-headed ogres
  16 centaur warriors
  2 alligator snapping turtles
  12 anacondas
  2 merfolk aquamancers
  7 satyrs (Shoals:4)
  16 naga warriors
  A deep troll earth mage (Vaults:4)
  16 death yaks
  14 naga sharpshooters
  8 orc high priests
  9 dancing weapons
  6 shock serpents
  10 deep elf knights
  Urug (D:11)
  A sun demon (Orc:2)
  Amaemon (Lair:3)
  9 skeletal warriors
  8 sea snakes
  A bog body (IceCv)
  2 salamander mystics
  A spriggan druid (Elf:3)
  48 deep trolls
  5 spriggan simulacra (IceCv)
  7 naga ritualists
  7 deep elf archers
  18 ironbound convokers
  7 wizards
  12 lindwurms
  A phantasmal warrior (D:15)
  27 deep elf pyromancers
  2 necromancers
  A golden dragon skeleton (D:15)
  14 harpies
  22 deep elf zephyrmancers
  A shining eye (Gauntlet)
  22 ugly things
  9 cyclopes
  13 orc knights
  An oklob plant (Lair:6)
  8 orc sorcerers
  14 mana vipers
  9 salamanders
  A shining eye (shapeshifter) (Vaults:5)
  24 manticores
  4 fauns (Shoals:4)
  A guardian serpent (shapeshifter) (Vaults:4)
  A sphinx skeleton (D:15)
  16 guardian serpents
  5 merfolk sirens
  15 water nymphs
  43 black mambas
  Joseph (D:8)
  17 vault sentinels
  3 gargoyles
  18 naga magi
  18 elephants
  2 molten gargoyles (Lair:6)
  41 yaktaurs
  6 rime drakes
  A rust devil (Orc:2)
  10 cane toads
  Maggie (D:10)
  4 centaur skeletons (D:13)
  5 kobold demonologists
  An orange demon (Lair:3)
  3 unseen horrors
  3 freezing wraiths (IceCv)
  4 tengu conjurers
  8 komodo dragons
  2 ice devils (IceCv)
  An efreet (D:15)
  6 entropy weaver simulacra (IceCv)
  A hellwing (Orc:2)
  3 polar bears
  6 trolls
  52 merfolk
  6 wind drakes
  A queen bee (Gauntlet)
  13 blink frogs
  4 hornets
  6 dream sheep
  59 slime creatures
  31 saltlings (Desolation)
  A spriggan zombie (D:15)
  6 snapping turtles
  2 air elementals
  A centaur simulacrum (D:15)
  An ettin skeleton (D:15)
  4 vampires (WizLab)
  9 water elementals
  2 dire elephant simulacra (IceCv)
  A spriggan (shapeshifter) (Elf:3)
  3 shadows
  A ynoxinul (Gauntlet)
  2 wraiths (D:12)
  5 wyverns
  7 basilisks (Lair:6)
  Eustachio (D:5)
  43 yaks
  2 steam dragons (Lair:6)
  A chaos spawn (Orc:2)
  7 vampire mosquitoes
  8 fire elementals
  4 minotaur simulacra (IceCv)
  4 two-headed ogre zombies (WizLab)
  10 wargs
  35 nagas
  Edmund (D:6)
  6 hell hounds
  24 water moccasins
  2 acid dragons
  2 floating eyes (Gauntlet)
  Duvessa (D:7)
  An ice beast (D:5)
  38 orc warriors
  An alligator simulacrum (IceCv)
  2 sky beasts
  A meliai simulacrum (D:15)
  7 black bears
  7 ogres
  11 wolves
  A boggart (D:13)
  22 centaurs
  10 kobold brigands
  A phantom (D:5)
  12 bullfrogs
  2 gnoll sergeants
  2 deep troll simulacra (IceCv)
  2 necrophages
  An earth elemental (Elf:3)
  10 wights
  4 scorpions
  Dowan (D:7)
  7 troll zombies (WizLab)
  24 killer bees
  2 lindwurm simulacra (IceCv)
  6 howler monkeys
  5 lava snakes (Lair:6)
  2 hounds
  2 jellies
  4 iron imps (Gauntlet)
  A gnoll shaman (D:10)
  26 orc priests
  An iguana (D:2)
  Natasha (thrice) (D:2)
  30 orc wizards
  6 hell rats (Lair:4)
  6 ogre zombies (WizLab)
  7 adders
  17 gnolls
  2 white imps
  2 ufetubi
  2 dart slugs
  89 orcs
  5 ball pythons
  8 endoplasms
  7 giant cockroaches
  12 goblins
  7 hobgoblins
  A jackal (D:2)
  4 quokkas
  3 training dummies (Orc:1)
  8 bats
  6 frilled lizards
  24 kobolds
  4 rats
  3 tentacles (Shoals:1)
  A withered plant (D:15)
1741 creatures vanquished.

Vanquished Creatures (collateral kills)
  2 ironbound frosthearts (Vaults:2)
  A sea snake (Shoals:1)
  A lindwurm (Vaults:2)
  A manticore (Shoals:2)
  A merfolk (Shoals:1)
6 creatures vanquished.

Vanquished Creatures (others)
  A deep elf pyromancer (Elf:2)
  A manticore (Shoals:2)
  A merfolk (Shoals:4)
  An orc warrior (Vaults:5)
  A human zombie (Vaults:2)
  A yaktaur zombie (Vaults:2)
  2 orcs
  6 fungi
  67 plants
  23 tentacles (Shoals:1)
104 creatures vanquished.

Grand Total: 1851 creatures vanquished

Notes
Turn   | Place    | Note
-------+----------+-------------------------------------------
     0 | D:1      | Zonian the Vine Stalker Ice Elementalist began the quest
                  | for the Orb.
     0 | D:1      | Reached XP level 1. HP: 9/9 MP: 4/4
   348 | D:1      | Reached XP level 2. HP: 10/13 MP: 4/6
   614 | D:1      | Found a faded altar of an unknown god.
   833 | D:1      | Reached skill level 3 in Stealth
   960 | D:1      | Reached XP level 3. HP: 16/16 MP: 7/7
  1726 | D:2      | Gained mutation: Your natural rate of healing is unusually
                  | fast. [Vine Stalker growth]
  1726 | D:2      | Reached XP level 4. HP: 19/21 MP: 7/9
  1850 | D:2      | Learned a level 3 spell: Frozen Ramparts
  1889 | D:2      | Noticed Terence
  1940 | D:2      | Noticed Natasha
  1944 | D:2      | Killed Natasha
  1945 | D:2      | Reached XP level 5. HP: 21/24 MP: 7/10
  2177 | D:2      | Noticed Natasha
  2195 | D:2      | Killed Natasha
  2302 | D:2      | Noticed Natasha
  2306 | D:2      | Killed Natasha
  2307 | D:2      | Reached skill level 4 in Stealth
  3364 | D:3      | Found a snail-covered altar of Cheibriados.
  3367 | D:3      | Found a sparkling altar of Nemelex Xobeh.
  3370 | D:3      | Found a shimmering altar of Xom.
  3373 | D:3      | Found a broken altar of Ashenzari.
  3377 | D:3      | Became a worshipper of Ashenzari the Shackled
  3575 | D:3      | Reached XP level 6. HP: 28/28 MP: 9/12
  4026 | D:4      | Reached skill level 5 in Ice Magic
  4276 | D:4      | Found a runed translucent door.
  4277 | D:4      | Noticed Crazy Yiuf
  4402 | D:4      | Found Ufugoc's Antique Weapon Shoppe.
  4637 | D:4      | Reached skill level 5 in Stealth
  4735 | D:4      | Reached XP level 7. HP: 32/32 MP: 14/14
  4955 | D:5      | Entered Level 5 of the Dungeon
  5120 | D:5      | Reached skill level 1 in Evocations
  5130 | D:5      | Reached * piety under Ashenzari
  5271 | D:5      | Noticed Eustachio
  5271 | D:5      | Identified a scroll of acquirement
  5279 | D:5      | Killed Eustachio
  5282 | D:5      | Reached skill level 6 in Stealth
  5282 | D:5      | Gained mutation: You have razor-sharp teeth. [Vine Stalker
                  | growth]
  5282 | D:5      | Reached XP level 8. HP: 35/36 MP: 12/16
  5287 | D:5      | Acquired a +5 quick blade
  5499 | D:5      | Found a staircase to the Ecumenical Temple.
  5876 | D:6      | Reached skill level 5 in Spellcasting
  6050 | D:6      | Noticed Edmund
  6275 | D:6      | Reached skill level 7 in Stealth
  6487 | D:6      | Reached XP level 9. HP: 24/39 MP: 11/18
  6677 | D:6      | Identified the +8 dagger of Dofeveur {flame, rElec rC+
                  | Str+2}
  6930 | D:6      | Killed Edmund
  7352 | D:7      | Learned a level 3 spell: Ozocubu's Armour
  7354 | D:7      | Learned a level 1 spell: Beastly Appendage
  7388 | D:7      | Identified the Grimoire of Retrieval
  7390 | D:7      | Found a bloodstained altar of Trog.
  7513 | D:7      | Noticed Dowan
  7514 | D:7      | Noticed Duvessa
  7538 | D:7      | Killed Duvessa
  7539 | D:7      | Reached skill level 1 in Short Blades
  7539 | D:7      | Reached skill level 5 in Dodging
  7606 | D:7      | Killed Dowan
  7728 | D:7      | Reached ** piety under Ashenzari
  7771 | D:7      | Reached skill level 8 in Stealth
  7940 | D:7      | Found an opulent altar of Gozag.
  8239 | D:7      | Reached skill level 1 in Transmutations
  8525 | D:8      | Found an ornate altar of the Wu Jian Council.
  8556 | D:8      | Reached skill level 1 in Shields
  8648 | D:8      | Reached XP level 10. HP: 44/44 MP: 20/20
  8753 | D:8      | Noticed a two-headed ogre
  9311 | D:8      | Noticed a two-headed ogre
  9320 | D:8      | Killed a two-headed ogre
  9340 | D:8      | Noticed a two-headed ogre
  9516 | D:8      | Noticed Joseph
  9530 | D:8      | Killed Joseph
  9531 | D:8      | Reached skill level 9 in Stealth
  9812 | D:8      | Killed a two-headed ogre
 10088 | D:8      | Killed a two-headed ogre
 10417 | D:9      | Noticed a two-headed ogre
 10427 | D:9      | Killed a two-headed ogre
 10502 | D:9      | Found a shimmering blue altar of Sif Muna.
 10614 | D:9      | Found an ancient bone altar of Kikubaaqudgha.
 10614 | D:9      | Identified Kikubaaqudgha's Grimoire of Evil
 10748 | D:9      | Found a radiant altar of Vehumet.
 10850 | D:9      | Reached XP level 11. HP: 45/47 MP: 21/24
 10866 | D:9      | Found a glowing golden altar of the Shining One.
 11132 | D:9      | Reached *** piety under Ashenzari
 11246 | D:10     | Entered Level 10 of the Dungeon
 11297 | D:10     | Noticed Maggie
 11311 | D:10     | Killed Maggie
 11826 | D:10     | Found Byquwebu's Book Boutique.
 11900 | D:10     | Found a runed translucent gate.
 11900 | D:10     | Found a runed translucent gate.
 11900 | D:10     | Found a viscous altar of Jiyva.
 11900 | D:10     | Found a runed translucent gate.
 11900 | D:10     | Noticed Dordric's ghost (novice DEAM)
 11942 | D:10     | Reached skill level 10 in Stealth
 12040 | D:10     | Noticed Harold
 12076 | D:10     | Noticed Erica
 12103 | D:10     | Killed Harold
 12106 | D:10     | Killed Erica
 12558 | D:10     | Upgraded the game from 0.29-a0-575-g0dc89cf053 to
                  | 0.29-a0-577-gafbf2c5d25
 12614 | D:11     | Noticed a death knight
 12616 | D:11     | Noticed Urug
 12621 | D:11     | Killed a death knight
 12624 | D:11     | Killed Urug
 12717 | D:11     | Reached skill level 5 in Transmutations
 12746 | D:11     | Found a gate leading to a gauntlet.
 12749 | D:11     | Noticed a seven-headed hydra
 12751 | D:11     | Noticed a seven-headed hydra
 12766 | D:11     | Reached skill level 5 in Short Blades
 12772 | D:11     | Killed a seven-headed hydra
 12779 | D:11     | Reached XP level 12. HP: 36/51 MP: 19/27
 12809 | D:11     | Killed a three-headed hydra
 12810 | D:11     | Reached skill level 11 in Stealth
 12815 | Gauntlet | Entered a Gauntlet
 12815 | Gauntlet | Found a transporter.
 12815 | Gauntlet | Found a transporter.
 12826 | Gauntlet | Found a transporter.
 12836 | Gauntlet | Found a transporter.
 12852 | Gauntlet | Found a transporter.
 12862 | Gauntlet | Found a transporter.
 12866 | Gauntlet | Identified the ring of the Imbibing Hero {Will+ AC+4 Int+5}
 12878 | Gauntlet | Found a transporter.
 12884 | Gauntlet | Found a transporter.
 12897 | Gauntlet | Found the brooch of Shielding {Spirit SH+8}
 12897 | Gauntlet | Noticed a death scarab
 12898 | Gauntlet | Found a transporter.
 12898 | Gauntlet | Noticed a death scarab
 12928 | Gauntlet | Found a transporter.
 13013 | Gauntlet | Learned a level 4 spell: Hailstorm
 13015 | Gauntlet | Learned a level 1 spell: Necrotize
 13063 | Gauntlet | Found a transporter.
 13063 | Gauntlet | Identified the +9 broad axe of Traps {holy, rF++ rN+}
 13067 | Gauntlet | Found a transporter.
 13211 | Gauntlet | Gained mutation: You are occasionally teleported next to
                  | monsters. [a shining eye]
 13213 | Gauntlet | Gained mutation: You have hidden genetic defects. [a
                  | shining eye]
 13230 | Gauntlet | Paralysed by a floating eye for 3 turns
 13408 | Gauntlet | Paralysed by a hornet for 1 turns
 13412 | Gauntlet | Paralysed by a hornet for 1 turns
 13597 | Gauntlet | Reached **** piety under Ashenzari
 13833 | Gauntlet | Noticed a minotaur
 13846 | Gauntlet | Killed a minotaur
 14005 | D:11     | Found a staircase to the Lair.
 14449 | D:11     | Gained mutation: You are weak. (Str -2) [hidden defects]
 14541 | D:11     | Noticed a two-headed ogre
 14563 | D:11     | Killed a two-headed ogre
 14636 | D:11     | Reached skill level 1 in Conjurations
 14637 | D:11     | Reached skill level 1 in Necromancy
 14917 | Lair:1   | Entered Level 1 of the Lair of Beasts
 14922 | Lair:1   | Learned a level 3 spell: Swiftness
 14960 | Lair:1   | Reached skill level 1 in Fighting
 15053 | Lair:1   | Gained mutation: You are frail. (-10% HP) [hidden defects]
 15053 | Lair:1   | Lost mutation: You have hidden genetic defects. [hidden
                  | defects expressed]
 15089 | Lair:1   | Lost mutation: You are frail. (-10% HP) [potion of
                  | mutation]
 15089 | Lair:1   | Lost mutation: You are occasionally teleported next to
                  | monsters. [potion of mutation]
 15089 | Lair:1   | Gained mutation: You are somewhat resistant to further
                  | mutation. [potion of mutation]
 15785 | Lair:2   | Reached skill level 1 in Air Magic
 15902 | Lair:2   | Noticed an eight-headed hydra
 15921 | Lair:2   | Killed an eight-headed hydra
 15922 | Lair:2   | Reached XP level 13. HP: 14/61 MP: 22/30
 15998 | Lair:2   | Identified the +3 scale mail of the Barnacle {Will+}
 16623 | Lair:3   | Found a staircase to the Snake Pit.
 16636 | Lair:3   | Reached skill level 12 in Stealth
 16934 | Lair:3   | Reached skill level 10 in Ice Magic
 16957 | Lair:3   | Found a transporter.
 16959 | Lair:3   | Identified the +4 chain mail of Atoahuol {Harm rN+ Str+2
                  | Dex-2}
 16960 | Lair:3   | Found a transporter.
 17011 | Lair:3   | Noticed Amaemon
 17027 | Lair:3   | Killed Amaemon
 17726 | Lair:4   | Reached skill level 5 in Shields
 17776 | Lair:4   | Found a staircase to the Shoals.
 19017 | Lair:5   | Noticed a minotaur
 19026 | Lair:5   | Noticed Heh's ghost (journeyman OpMo)
 19282 | Lair:5   | Reached XP level 14. HP: 55/70 MP: 31/31
 19519 | Lair:5   | Found a runed translucent gate.
 19519 | Lair:5   | Found a runed translucent gate.
 19519 | Lair:5   | Found a runed translucent gate.
 20202 | Lair:5   | Acquired a +2 cloak of poison resistance
 20274 | Lair:6   | Entered Level 6 of the Lair of Beasts
 20388 | Lair:6   | Reached skill level 10 in Spellcasting
 20548 | Lair:5   | Identified the cursed +1 pair of boots "Shattered With Me"
                  | {rampage, Bglg, Elem} (You found it on level 3 of the Lair
                  | of Beasts)
 20834 | Lair:6   | Reached skill level 13 in Stealth
 21234 | Lair:6   | Reached skill level 5 in Conjurations
 21234 | Lair:6   | Reached skill level 5 in Necromancy
 21777 | Lair:6   | Reached XP level 15. HP: 75/75 MP: 33/33
 21782 | Lair:6   | Found a large runed translucent door.
 21786 | Lair:6   | Found a large runed translucent door.
 21803 | Lair:6   | Reached skill level 5 in Air Magic
 22208 | Lair:6   | Found a viscous altar of Jiyva.
 22208 | Lair:6   | Found a staircase to the Slime Pits.
 22441 | Lair:6   | Learned a level 4 spell: Dispel Undead
 22447 | Lair:6   | Learned a level 5 spell: Irradiate
 22764 | D:12     | Found a staircase to the Orcish Mines.
 22838 | D:12     | Reached skill level 5 in Fighting
 23729 | D:13     | Noticed Snorg
 23733 | D:13     | Killed Snorg
 23781 | D:13     | Reached ***** piety under Ashenzari
 24185 | D:13     | Found a gate to the Vaults.
 24466 | D:14     | Identified the Handbook of the Thirsty Souls
 25014 | D:15     | Entered Level 15 of the Dungeon
 25178 | D:15     | Found a frozen archway.
 25185 | IceCv    | Entered an ice cave
 25234 | IceCv    | Reached skill level 14 in Stealth
 25742 | IceCv    | Reached XP level 16. HP: 75/84 MP: 35/35
 25879 | IceCv    | Identified the Grimoire of Cold
 26045 | D:15     | Found a staircase to the Depths.
 26898 | D:15     | Noticed Azrael
 26910 | D:15     | Killed Azrael
 27342 | D:15     | Found a glowing silver altar of Zin.
 27692 | Orc:1    | Entered Level 1 of the Orcish Mines
 28149 | Orc:1    | Found Zath's Firing Range.
 28173 | Orc:1    | Bought a throwing net for 30 gold pieces
 28173 | Orc:1    | Bought a throwing net for 30 gold pieces
 28345 | Orc:2    | Entered Level 2 of the Orcish Mines
 28433 | Orc:2    | Found a staircase to the Elven Halls.
 28503 | Orc:2    | Reached skill level 1 in Unarmed Combat
 28564 | Orc:2    | Found Dedutz's General Store.
 28564 | Orc:2    | Found Fusezime's Magic Scroll Emporium.
 28640 | Orc:2    | Bought a scroll of fog for 30 gold pieces
 28796 | Orc:2    | Found Ojothi's Book Boutique.
 28804 | Orc:2    | Found Kan Pusockam's Antique Weapon Shop.
 29078 | Orc:2    | Found a one-way gate leading to the halls of Pandemonium.
 29351 | Orc:2    | Found Ycahogi's Gadget Gallery.
 29399 | Orc:2    | Found Zyhigrad's Book Emporium.
 29737 | Orc:2    | Bought a book of Storms for 448 gold pieces
 29742 | Orc:2    | Learned a level 4 spell: Airstrike
 29748 | Orc:2    | Learned a level 5 spell: Lightning Bolt
 29748 | Orc:2    | Bought a Trismegistus Codex for 392 gold pieces
 29752 | Orc:2    | Learned a level 3 spell: Mephitic Cloud
 29756 | Orc:2    | Learned a level 3 spell: Ignite Poison
 29935 | Snake:1  | Entered Level 1 of the Snake Pit
 30231 | Snake:1  | Reached XP level 17. HP: 89/89 MP: 36/36
 30678 | Snake:1  | Identified the Handbook of the Oath
 30873 | Snake:1  | Found a runed translucent door.
 30885 | Snake:1  | Noticed Cheivey's ghost (adept DsFi)
 30890 | Snake:1  | Killed Cheivey's ghost
 31141 | Snake:1  | Reached skill level 10 in Dodging
 31141 | Snake:1  | Reached skill level 15 in Stealth
 32065 | Snake:2  | Reached skill level 10 in Transmutations
 32571 | Snake:2  | Upgraded the game from 0.29-a0-577-gafbf2c5d25 to
                  | 0.29-a0-598-gd8304a5bf4
 33058 | Snake:3  | Reached skill level 1 in Fire Magic
 33740 | Snake:4  | Entered Level 4 of the Snake Pit
 33801 | Snake:4  | Reached skill level 1 in Throwing
 33801 | Snake:4  | Reached skill level 1 in Armour
 33884 | Snake:4  | Noticed Aizul
 33916 | Snake:4  | Killed Aizul
 34167 | Snake:4  | Noticed Vashnia
 34194 | Snake:4  | Killed Vashnia
 34202 | Snake:4  | Reached XP level 18. HP: 83/96 MP: 23/38
 35205 | Snake:4  | Found Gearelu's General Store.
 35220 | Snake:4  | Bought a scroll of acquirement for 884 gold pieces
 35220 | Snake:4  | Acquired 1146 gold pieces
 35222 | Snake:4  | Found Foeducy's Weapon Shoppe.
 35430 | D:10     | Bought a manual of Spellcasting for 1040 gold pieces
 37335 | Snake:4  | Got a serpentine rune of Zot
 37674 | Shoals:1 | Entered Level 1 of the Shoals
 37874 | Shoals:1 | Learned a level 7 spell: Dragon Form
 37972 | Shoals:1 | Identified the cursed +2 pair of gloves "Ruined Together"
                  | {Dex+3, Fort, Bglg} (You found it in a Gauntlet)
 37972 | Shoals:1 | Identified the cursed +1 buckler "Share My Malaise" {Self,
                  | Evo} (You found it on level 7 of the Dungeon)
 37972 | Shoals:1 | Identified the cursed +2 robe "Thunder Perfect Mind" {rC+,
                  | Comp, Bglg} (You took it off Dowan on level 7 of the
                  | Dungeon)
 38645 | Shoals:1 | Reached skill level 1 in Earth Magic
 39011 | Shoals:1 | Reached skill level 16 in Stealth
 39495 | Shoals:2 | Noticed Polyphemus
 39858 | Shoals:2 | Killed Polyphemus
 39999 | Shoals:2 | Reached XP level 19. HP: 96/102 MP: 30/40
 41833 | Shoals:4 | Entered Level 4 of the Shoals
 43384 | Shoals:4 | Got a barnacled rune of Zot
 43393 | Shoals:4 | Identified the amulet of Xasusiyx {rN++ Regen+ Str+5 Dex-4}
 43740 | Shoals:4 | Identified Sif Muna's Reference Book on Ensnaring Arcane
                  | Weapons
 43886 | Shoals:4 | Learned a level 3 spell: Vampiric Draining
 44390 | Elf:1    | Entered Level 1 of the Elven Halls
 44490 | Elf:1    | Found an ancient bone altar of Kikubaaqudgha.
 44542 | Elf:1    | Found a crumbling gateway.
 44559 | Desolati | Entered the Desolation of Salt
 44680 | Desolati | Reached skill level 10 in Conjurations
 44681 | Desolati | Identified the +0 chain mail "Poczah" {rCorr}
 44682 | Desolati | Identified the +2 helmet "Mecwups" {+Blink Fly Str-5 Int+6}
 44682 | Desolati | Identified the Collected Works on the Noxious Entourage
 45069 | Desolati | Reached skill level 10 in Air Magic
 45145 | Desolati | Identified the ring "Riodwo" {Int+4 Dex+6 Slay+3}
 45149 | Desolati | Identified the Almanac of Gliding Transformation
 45150 | Desolati | Identified the +2 leather armour "Puptehyi" {Rampage Dex+6}
 45213 | Desolati | Identified the Catalogue of Mutagenic Attacks
 45232 | Desolati | Identified the +2 mace "Tumodgh" {vamp, rElec rF- rCorr
                  | Dex+4}
 45245 | Desolati | Reached skill level 5 in Evocations
 45279 | Desolati | Identified the Collected Works on Fetching Clay
 45474 | Desolati | Reached XP level 20. HP: 108/108 MP: 42/42
 46600 | Elf:1    | Paralysed by an air elemental for 1 turns
 46773 | Elf:1    | Reached skill level 17 in Stealth
 47304 | Elf:2    | Found a runed translucent gate.
 47306 | Elf:2    | Found a runed translucent gate.
 47306 | Elf:2    | Found a runed translucent gate.
 47383 | Elf:2    | Noticed Zenata
 47814 | Elf:2    | Killed Zenata
 48322 | Elf:2    | Found a shimmering blue altar of Sif Muna.
 48525 | Elf:3    | Entered Level 3 of the Elven Halls
 48961 | Elf:3    | Identified the Grimoire of the Harmful Entourage
 49146 | Elf:2    | Learned a level 5 spell: Borgnjor's Vile Clutch
 49171 | Elf:3    | Lost mutation: You are weak. (Str -2) [potion of mutation]
 49171 | Elf:3    | Lost mutation: You are somewhat resistant to further
                  | mutation. [potion of mutation]
 49171 | Elf:3    | Gained mutation: You have a pair of small horns on your
                  | head. [potion of mutation]
 49172 | Elf:3    | Lost mutation: You have a pair of small horns on your head.
                  | [potion of mutation]
 49172 | Elf:3    | Gained mutation: Your muscles are strong. (Str +4,
                  | Int/Dex-1) [potion of mutation]
 49172 | Elf:3    | Gained mutation: You have sharp toenails. [potion of
                  | mutation]
 49172 | Elf:3    | Gained mutation: You are robust. (+10% HP) [potion of
                  | mutation]
 49327 | Elf:3    | Identified the +7 falchion of Doom {vorpal, Will+ Str+3
                  | Stlth+}
 49482 | Elf:3    | Identified the ring of Gohyrch {Fly rC++ Slay+3 Stlth-}
 49543 | Elf:3    | Identified the +7 halberd of Chagrin {vorpal, rElec Int+3}
 50177 | Elf:3    | Identified the +1 scale mail of Summertime {rN+ Str+4}
 50288 | Elf:3    | Identified the Volume of Dislocation
 50291 | Elf:3    | Identified the Tome of Evil Arcane Weapons
 50509 | Elf:3    | Upgraded the game from 0.29-a0-598-gd8304a5bf4 to
                  | 0.29-a0-613-gf2c431b9b9
 50716 | Vaults:1 | Entered Level 1 of the Vaults
 50729 | Vaults:1 | Reached skill level 15 in Spellcasting
 50881 | Vaults:1 | Reached XP level 21. HP: 103/123 MP: 43/43
 50895 | Vaults:1 | Reached skill level 5 in Throwing
 51176 | Vaults:1 | Reached skill level 10 in Fighting
 51274 | Vaults:1 | Found a magical portal.
 51304 | WizLab   | Entered Zonguldrok's Shrine
 51587 | WizLab   | Noticed an antique lich
 51587 | WizLab   | Found the +9 sword of Zonguldrok {reap}
 52158 | Vaults:1 | Reached skill level 1 in Long Blades
 53371 | Vaults:2 | Found a basalt altar of Yredelemnul.
 53371 | Vaults:2 | Found a staircase to the Crypt.
 53381 | Vaults:2 | Found an ancient bone altar of Kikubaaqudgha.
 53544 | Vaults:2 | Reached skill level 18 in Stealth
 54309 | Vaults:3 | Noticed Nikola
 54313 | Vaults:3 | Killed Nikola
 54396 | Vaults:3 | Reached XP level 22. HP: 117/130 MP: 42/46
 54414 | Vaults:3 | Reached skill level 5 in Earth Magic
 54615 | Vaults:3 | Identified the cursed +1 helmet of the Esoteric Ordeal
                  | {Int+3, Melee, Range} (You found it on level 3 of the Elven
                  | Halls)
 54628 | Vaults:3 | Reached skill level 10 in Necromancy
 54980 | Vaults:3 | Acquired the +4 rapier of Pust {protect, +Blink Int+3
                  | Stlth+}
 55381 | Vaults:3 | Upgraded the game from 0.29-a0-613-gf2c431b9b9 to
                  | 0.29-a0-620-g13ace881f2
 56522 | Vaults:4 | Identified the +1 leather armour "Tenol" {+Inv rF+}
 56981 | Vaults:4 | Learned a level 5 spell: Silence
 57260 | Vaults:4 | Reached skill level 1 in Hexes
 57275 | Vaults:4 | Reached skill level 1 in Poison Magic
 58008 | Vaults:5 | Entered Level 5 of the Vaults
 58051 | Vaults:4 | Reached XP level 23. HP: 123/137 MP: 48/48
 58848 | Vaults:5 | Noticed an ancient lich
 59164 | Vaults:4 | Killed an ancient lich
 59165 | Vaults:4 | Reached skill level 19 in Stealth
 59449 | Vaults:5 | Noticed Xtahua
 59455 | Vaults:5 | Slain by a vault guard

Illustrated notes

Levels and vault maps discovered:
D:1:      psy_arrival_radial02, layout_rooms, ebering_ecumenical_altar_mist
D:2:      minmay_chambers_of_twos, layout_rooms, hangedman_abyss_or_decor_stabs,
          uniq_natasha, uniq_terence
D:3:      layout_loops_ring, grunt_temple_overflow_cloverleaf, minivault_23,
          grunt_ministairs_13
D:4:      layout_rooms, serial_shops, nicolae_shop_waterfront, hex_large,
          interstate_on_off, corexii_item_surrounded_by_moat,
          uniq_crazy_yiuf_cottage
D:5:      layout_cave_pods, minmay_temple_entry_wispy,
          hangedman_abyss_or_decor_passed, uniq_eustachio
D:6:      layout_loops_ring, chequers_serial_rivers_room_a, uniq_edmund
D:7:      layout_basic, trog_book, grunt_gozag_statues, uniq_duvessa
D:8:      layout_basic, mainiacjoe_overflow_alcove_1, st_stairs_1, uniq_joseph
D:9:      layout_loops_corners, palyth_temple_overflow_mages, marbit_many_paths
D:10:     layout_irregular_city, gammafunk_ghost_ooze, serial_shops,
          kennysheep_mini_moat, minmay_unpleasant_kobolds, uniq_maggie,
          uniq_harold, uniq_erica
D:11:     layout_cave_pods, lair_entry_dummy, gauntlet_entry_generic, uniq_urug
D:12:     layout_irregular_city, orc_0_dummy
D:13:     layout_rooms, hangedman_vaults_entry_quadrant_bands, uniq_snorg
D:14:     layout_loops_ring
D:15:     gammafunk_depths_entry_grave, layout_loops_corners, serial_ice,
          serial_ice_l, serial_ice_g, serial_ice_e, serial_ice_b,
          portal_ice_cave_entry_dragon, zin_scriptorium, uniq_azrael
Lair:1:   layout_hall_layers, grunt_megastairs_4
Lair:2:   layout_big_grid, serial_bayou_shore_b
Lair:3:   gammafunk_boulding_lane, layout_hall_layers,
          minmay_snake_entry_six_corridors, serial_bayou_shore_b,
          lemuel_fruit_tree, uniq_amaemon
Lair:4:   layout_layer_cave, minmay_shoals_entry_beasts,
          eino_small_chamber_without_monster
Lair:5:   layout_hall_layers, maelrawn_ghost_gauntlet_escape
Lair:6:   cheibrodos_lair_end_hotspot, layout_big_grid,
          dpeg_slime_entry_enclosed_altar
Shoals:1: layout_shoals, nicolae_shoals_wave_tunnel
Shoals:2: cheibrodos_shoals_roost, layout_shoals,
          nicolae_shoals_spring_well_temple, uniq_polyphemus
Shoals:3: layout_shoals, nicolae_shoals_nymph_descending_staircase
Shoals:4: shoals_end_hellmonk_lost_city
Snake:1:  cheibrodos_snake_ritualist_ritual, layout_layer_cave,
          gammafunk_ghost_grave, drop_trap, nicolae_snake_mages_go_home
Snake:2:  layout_rooms, serial_bayou_shore_b
Snake:3:  layout_basic
Snake:4:  snake_hunt, layout_concentric_octagons, grunt_megastairs_2,
          minmay_shop_star, uniq_aizul, uniq_vashnia
Orc:1:    layout_caves, nicolae_shop_firing_range
Orc:2:    pf_orc_diabolical, layout_caves, serial_shops, shop,
          nicolae_shop_gadgets
Elf:1:    nicolae_elf_arrival_no_cutting_in_line, layout_geoelf_diagonals,
          basic_altar, portal_desolation_entry_ruin, hangedman_corner_corridor,
          nicolae_elf_stone_circles
Elf:2:    elven_hall_of_blades_hangedman_original
          [nicolae_blade_entry_area_security], layout_rooms,
          david_defended_altar_elf, uniq_zenata
Elf:3:    elf_hall_gauntlet_narrow, layout_loops_ring, kilobyte_rumbling_trees
Vaults:1: lightli_enter_wizlab_magi_temple, v_misc_2,
          nicolae_vaults_little_squares_6, hangedman_vaults_corner,
          vaults_room_grid, ontoclasm_vaults_fault, v_rooms_1, v_misc_22,
          nicolae_vaults_three_branches, vaults_standard_mumra_x, v_misc_5,
          ontoclasm_vaults_misaligned, vaults_room_stairs_pillars,
          layout_vaults_maze_bifur
Vaults:2: nicolae_vaults_c_with_doors, minmay_crypt_entry_necro_gods, v_misc_9,
          vaults_room_door_ring, v_misc_18, ontoclasm_vaults_chip,
          vaults_dpeg_ring, vaults_room_corners, hangedman_vaults_trim,
          nicolae_vaults_mini_display_case, layout_vaults_omnigrid
Vaults:3: v_rooms_2, nicolae_vaults_arrows, ontoclasm_vaults_spin,
          vaults_dpeg_spiral, vaults_standard_mumra_enter_the_diamond,
          st_spiral_rooms, v_misc_25, ontoclasm_vaults_eye,
          nicolae_vaults_alarming, layout_vaults_omnibox, uniq_nikola
Vaults:4: vaults_room_large_hall, v_misc_23, ontoclasm_vaults_shuriken,
          vaults_mumra_minichess_inversion, ontoclasm_vaults_bender,
          nicolae_vaults_little_squares_6, v_alt_pattern_4,
          vaults_dpeg_diagonal, ontoclasm_vaults_hangar,
          layout_vaults_chaotic_city
Vaults:5: serial_shops, uniq_xtahua, uniq_sojobo

Skill      XL: |  1  2  3  4  5  6  7  8  9 10 11 12 13 14 15 16 17 18 19 20 21 22 23 |
---------------+----------------------------------------------------------------------+-----
Stealth        | 3 4 5 6 7 8 9 10 11 12 13 14 15 16 17 18 19 | 19.0
Dodging        | 2 3 4 5 6 7 8 9 10 11 12 | 12.4
Spellcasting   | 3 4 5 6 7 8 9 10 11 12 14 15 16 17 | 17.0
Ice Magic      | 5 6 7 8 9 10 11 12 | 12.7
Evocations     | 1 3 5 6 7 8 |  8.1
Short Blades   | 2 3 5 6 7 8 |  8.6
Transmutations | 1 3 5 6 7 8 9 10 11 12 13 | 13.5
Shields        | 1 3 4 5 |  5.0
Conjurations   | 2 3 5 6 7 8 9 10 11 12 | 12.3
Necromancy     | 2 3 5 6 7 8 9 10 | 10.0
Fighting       | 2 3 4 5 6 7 8 9 10 11 | 11.3
Air Magic      | 1 3 4 6 7 8 9 10 11 12 | 12.3
Unarmed Combat | 2 3 |  3.0
Fire Magic     | 1 |  1.9
Throwing       | 1 3 4 5 |  5.1
Armour         | 1 3 |  3.0
Earth Magic    | 2 3 4 6 |  6.8
Long Blades    | 2 3 |  3.8
Hexes          | 1 |  1.9
Poison Magic   | 1 2 |  2.9

Action                   |  1- 3 |  4- 6 |  7- 9 | 10-12 | 13-15 | 16-18 | 19-21 | 22-24 || total
-------------------------+-------+-------+-------+-------+-------+-------+-------+-------++-------
Melee: Unarmed           |    31 |       |       |       |       |    18 |       |    23 ||    72
       Bite              |    20 |    29 |    68 |   140 |   561 |   914 |  1169 |   382 ||  3283
       Dagger            |    64 |   148 |   109 |   376 |  1191 |   314 |       |       ||  2202
       Punch             |     1 |       |     2 |       |       |     2 |       |     2 ||     7
       Quick blade       |       |       |   114 |       |       |  1712 |  1996 |   645 ||  4467
       Kick              |       |       |       |     4 |    25 |     3 |       |       ||    32
       Headbutt          |       |       |       |     3 |    16 |     2 |       |       ||    21
       Scimitar          |       |       |       |     5 |       |       |       |       ||     5
       Tailslap          |       |       |       |       |       |     3 |       |     7 ||    10
       Double sword      |       |       |       |       |       |       |    69 |       ||    69
 Fire: Hunting sling     |       |       |       |       |       |     5 |       |       ||     5
Throw: Dart              |       |       |       |    18 |     2 |       |       |       ||    20
       Boomerang         |       |       |       |     1 |       |     2 |     6 |       ||     9
       Throwing net      |       |       |       |     2 |     3 |     2 |     1 |       ||     8
       Javelin           |       |       |       |       |     5 |     6 |     8 |       ||    19
 Cast: Freeze            |     6 |     1 |       |     7 |       |       |       |       ||    14
       Frozen Ramparts   |       |       |     6 |    25 |    37 |    45 |     7 |     3 ||   123
       Ozocubu's Armour  |       |       |     1 |     8 |    10 |     2 |     3 |       ||    24
       Beastly Appendage |       |       |     1 |     1 |     2 |       |       |       ||     4
       Necrotize         |       |       |       |       |    27 |    24 |       |     1 ||    52
       Hailstorm         |       |       |       |       |     4 |    38 |    22 |    14 ||    78
       Dispel Undead     |       |       |       |       |     3 |    12 |       |       ||    15
       Airstrike         |       |       |       |       |       |    93 |    54 |       ||   147
       Irradiate         |       |       |       |       |       |     6 |    16 |    14 ||    36
       Lightning Bolt    |       |       |       |       |       |    34 |    35 |     2 ||    71
       Mephitic Cloud    |       |       |       |       |       |     5 |    11 |     2 ||    18
       Dragon Form       |       |       |       |       |       |     2 |     2 |     2 ||     6
       Ignite Poison     |       |       |       |       |       |     1 |     2 |     1 ||     4
       Vampiric Draining |       |       |       |       |       |       |     1 |       ||     1
       Borgnjor's Vile C |       |       |       |       |       |       |       |     3 ||     3
Invok: Curse Item        |       |     1 |     2 |     3 |     3 |       |     4 |       ||    13
       Shatter the Chain |       |       |       |       |     1 |       |     3 |       ||     4
 Abil: Breathe Fire      |       |       |       |       |       |       |       |     1 ||     1
Evoke: Wand              |       |       |    12 |    10 |     4 |     9 |    11 |     1 ||    47
       Box of beasts     |       |       |       |       |       |     1 |       |       ||     1
       Phantom mirror    |       |       |       |       |       |       |     1 |       ||     1
  Use: Scroll            |       |     9 |     2 |     4 |     6 |    14 |     6 |     5 ||    46
       Potion            |       |       |     1 |     3 |       |     5 |     3 |       ||    12
 Stab: Sleeping          |     1 |    19 |    13 |    24 |    45 |    50 |    72 |    25 ||   249
       Distracted        |       |     2 |     1 |       |     4 |     8 |    19 |     2 ||    36
       Held in net/web   |       |       |       |     2 |     2 |       |     4 |       ||     8
       Confused          |       |       |       |       |       |     4 |     8 |     2 ||    14
       Invisible         |       |       |       |       |       |       |     1 |       ||     1
Armor: Robe              |    24 |    10 |    24 |    34 |   166 |   168 |    77 |       ||   503
       Skin              |       |       |       |       |       |     6 |       |     4 ||    10
       Leather armour    |       |       |       |       |       |       |    75 |    43 ||   118
Dodge: Dodged            |    79 |    67 |   115 |   168 |   519 |   558 |   666 |   285 ||  2457
Block: Other             |       |    22 |    23 |       |       |     3 |       |     6 ||    54
       Reflection        |       |     2 |     1 |    19 |    19 |    58 |    51 |    26 ||   176
       Buckler           |       |       |    24 |   202 |   479 |   573 |   594 |   218 ||  2090

Table legend: (Time is in decaauts)
 A = Elapsed time spent in this place.
 B = Non-inter-level travel time spent in this place.
 C = Inter-level travel time spent in this place.
 D = Time resting spent in this place.
 E = Time spent auto-exploring this place.
 F = Levels seen in this place.
 G = Mean time per level.
                   A        B        C        D        E       F      G
               +--------+--------+--------+--------+--------+-----+--------+
         Total |  56241 |  52566 |   3675 |  16938 |  17919 |  43 | 1307.9 |
       Dungeon |  18687 |  17544 |   1143 |   5491 |   7445 |  15 | 1245.8 |
          Lair |   8265 |   7286 |    979 |   1748 |   2771 |   6 | 1377.5 |
        Shoals |   6400 |   6060 |    340 |   2786 |   1307 |   4 | 1600.0 |
     Snake Pit |   6862 |   6333 |    529 |   2530 |   1711 |   4 | 1715.5 |
  Orcish Mines |   1875 |   1700 |    175 |    141 |    747 |   2 |  937.5 |
   Elven Halls |   4064 |   3879 |    185 |   1494 |    989 |   3 | 1354.7 |
        Vaults |   7126 |   6805 |    321 |   1632 |   2948 |   5 | 1425.2 |
      Ice Cave |    661 |    661 |      0 |    387 |      0 |   1 |  661.0 |
        Wizlab |    298 |    298 |      0 |      6 |      0 |   1 |  298.0 |
    Desolation |    966 |    966 |      0 |    232 |      0 |   1 |  966.0 |
      Gauntlet |   1031 |   1031 |      0 |    489 |      0 |   1 | 1031.0 |
               +--------+--------+--------+--------+--------+-----+--------+

Top non-repeatable levels by time:
Vaults:4: 2644 daAuts
 Snake:4: 2428 daAuts
    D:15: 2163 daAuts
Shoals:3: 2128 daAuts
  Lair:6: 2023 daAuts
 Snake:3: 1921 daAuts
Shoals:1: 1893 daAuts
 Snake:1: 1871 daAuts
  Lair:5: 1868 daAuts
   Elf:3: 1715 daAuts
Vaults:2: 1712 daAuts
     D:1: 1712 daAuts
     D:7: 1632 daAuts
  Lair:4: 1537 daAuts
Vaults:3: 1430 daAuts
